 Dungeon Crawl Stone Soup version 0.18.1-8-gdd0e5ea (webtiles) character file.

102203 vale the Archer (level 15, 0/128 HPs)
             Began as a Demigod Wizard on May 25, 2016.
             Slain by a ghost moth (8 damage)
             ... on level 2 of the Spider Nest.
             The game lasted 02:34:05 (44510 turns).

vale the Archer (Demigod Wizard)                   Turns: 44510, Time: 02:34:05

Health: 0/128      AC: 17    Str: 10    XL:     15   Next: 39%
Magic:  0/31       EV: 15    Int: 30    God:
Gold:   2483       SH:  0    Dex: 16    Spells: 9 memorised, 3 levels left

rFire  + . .     SeeInvis +     a - +5 demon trident (flame)
rCold  . . .     Gourm    .     D - +2 ring mail {rF+}
rNeg   . . .     Faith    .     (no shield)
rPois  +         Spirit   .     U - +1 helmet
rElec  .         Dismiss  .     (no cloak)
rCorr  .         Reflect  .     B - +1 pair of gloves
SustAt +         Harm     .     q - +2 pair of boots
MR     +....                    (no amulet)
Stlth  +.........               j - ring of poison resistance
                                h - ring of see invisible

@: lethally poisoned (0 -> -36), about to teleport, repel missiles, somewhat
resistant to hostile enchantments, very unstealthy
A: blink, high mp 1, sustain attributes
a: Blink


You were on level 2 of the Spider Nest.
You were hungry.

You visited 5 branches of the dungeon, and saw 25 of its levels.
You also visited: Ossuary.

You collected 2889 gold pieces.
You spent 406 gold pieces at shops.

Inventory:

Hand Weapons
 a - a +5 demon trident of flaming (weapon)
 b - the +7 longbow of Nightmares {venom, Str+5 Stlth+}
   (You found it on level 9 of the Dungeon)

   It poisons the ammo it fires.
   It affects your strength (+5).
   It makes you more stealthy.
Missiles
 k - 4 throwing nets
 m - 7 javelins (quivered)
 R - 126 arrows
Armour
 q - a +2 pair of boots (worn)
 B - a +1 pair of gloves (worn)
 D - a +2 ring mail of fire resistance (worn)
 U - a +1 helmet (worn)
Rods
 x - a +4 rod of clouds (13/13)
   (You found it on level 1 of the Lair of Beasts)
Jewellery
 h - a ring of see invisible (left hand)
 j - a ring of poison resistance (right hand)
 C - a +5 ring of evasion
Wands
 v - a wand of acid (6/15)
 I - a wand of acid (5/15)
 T - a wand of iceblast (6/15)
 Y - a wand of disintegration (4/24)
 Z - a wand of enslavement (6/24)
Scrolls
 e - 3 scrolls of teleportation
 f - a scroll of holy word {unknown}
 l - 3 scrolls of immolation
 s - 4 scrolls of fog
 u - 3 scrolls of magic mapping
 E - 14 scrolls of remove curse
 G - 2 scrolls of blinking
 K - 9 scrolls of recharging
Potions
 g - 5 potions of might
 i - 4 potions of curing
 p - a potion of haste
 r - a potion of cure mutation
 w - 5 potions of lignification
 F - a potion of cancellation
 J - 3 potions of resistance
 L - 2 potions of brilliance
 M - 2 potions of ambrosia
 W - a potion of magic
Comestibles
 c - a meat ration {@e2}
 d - 16 bread rations {@e1}
 o - 65 fruits


   Skills:
 - Level 10.5 Fighting
 - Level 5.1 Polearms
 - Level 14.1 Bows
 - Level 9.1 Armour
 * Level 8.7 Dodging
 - Level 1.7 Stealth
 - Level 8.0 Spellcasting
 + Level 9.2 Conjurations
 - Level 7.1 Hexes
 - Level 0.8 Summonings
 - Level 4.0 Translocations
 - Level 2.0 Air Magic


You had 3 spell levels left.
You knew the following spells:

 Your Spells              Type           Power        Failure   Level  Hunger
a - Magic Dart            Conj           ####         1%          1    None
b - Fulminant Prism       Conj/Hex       ######....   3%          4    #......
c - Conjure Flame         Conj/Fire      #####...     4%          3    None
d - Mephitic Cloud        Conj/Pois/Air  ####....     8%          3    None
e - Call Imp              Summ           ###.....     12%         2    None
f - Repel Missiles        Chrm/Air       ###...       10%         2    None
h - Darkness              Hex            ######....   78%         6    ######.
i - Iskenderun's Mystic   Conj           ######..     1%          4    #......
p - Blink                 Tloc           N/A          2%          2    None


Dungeon Overview and Level Annotations

Branches:
Dungeon (11/15)            Temple (1/1) D:7            Lair (8/8) D:9
 Shoals (0/4) Lair:3       Spider (3/4) Lair:6        Slime (0/6) Lair:7
    Orc (2/2) D:9             Elf (0/3) Orc:2

Shops:
D:5 !   D:7 ?   Orc:2 [%=*

Annotations:
D:5 Stratum's ghost, novice SpAr
D:7 Sagittarian's ghost, novice DsGl
Lair:1 exclusion: hydra
Lair:4 Rupert
Lair:8 Jojapa's ghost, journeyman MiBe
Spider:2 Azrael


Innate Abilities, Weirdness & Mutations

You have an increased reservoir of magic (+10% MP).
Your attributes are resistant to harm.
You can translocate small distances at will.


Message History

The ghost moth hits you!
* * * LOW HITPOINT WARNING * * *
The ghost moth hits you but does no damage.
The ghost moth completely misses you.
Drink which item? (? for menu, Esc to quit)
Okay, then.
Unknown command.
Unknown command.
Read which item? (? for menu, Esc to quit)
As you read the scroll of teleportation, it crumbles to dust.
You feel strangely unstable. The ghost moth stares at you.
The ghost moth closely misses you. The ghost moth hits you!
* * * LOW HITPOINT WARNING * * *
The ghost moth stings you!
* * * LOW HITPOINT WARNING * * *
You are lethally poisoned!
The ghost moth poisons you! The ghost moth completely misses you.
The ghost moth hits you!
You die...

### ###^### ###.....#
###.......##
#....^.....#
##...#.##y..# ###
#..##.##@>..# #.###
##
#.###.###..#####.^###
### #.####..#.##
##..#..##...###..
##.#...##..#
##.#.......#^.#.
#.........##
#......#.....#.
#####..##.....#
##......###..###
#.#....)..^...#
#.#......######.
.#.....########
#.......##..##..
#.......#
#......#...)##..


You could see a ghost moth (invisible).

Vanquished Creatures
  Jorgrun (Spider:2)
  Agnes (Spider:2)
  Maud (Lair:5)
  Donald (Orc:2)
  2 orc warlords (Orc:2)
  Snorg (Lair:8)
  Josephine (D:9)
  2 entropy weavers
  Harold (Orc:1)
  3 hydras
  A death yak (Lair:7)
  2 ogre magi (Orc:2)
  Urug (D:9)
  A skeletal warrior (D:9)
  2 deep trolls (Orc:2)
  5 hill giants
  Pikel (D:7)
  A lindwurm (Lair:4)
  4 orc knights
  8 orb spiders
  23 wolf spiders
  3 orc sorcerers
  3 cyclopes (Orc:2)
  2 hornets
  7 elephants
  A moth of wrath (Spider:1)
  2 black mambas (Lair:7)
  12 spiny frogs
  A torpor snail (Lair:7)
  13 komodo dragons
  6 rime drakes
  6 demonic crawlers (Spider:1)
  A wyvern (D:8)
  2 polar bears
  17 jumping spiders
  6 two-headed ogres (Orc:2)
  12 trolls
  A snapping turtle (Lair:3)
  30 blink frogs
  A boulder beetle (Lair:5)
  48 redbacks
  18 tarantellas
  6 wraiths
  Sigmund (D:3)
  6 fire elementals
  40 yaks
  4 basilisks
  5 hippogriffs
  Grum (Lair:1)
  Eustachio (D:4)
  A hungry ghost (D:10)
  7 wargs
  14 water moccasins
  An ice beast (D:7)
  20 porcupines
  3 hell hounds
  A wasp (Spider:2)
  3 black bears
  33 orc warriors
  4 sky beasts
  A slave (D:8)
  4 phantoms
  20 ogres
  5 wolves
  12 crocodiles
  7 centaurs
  3 big kobolds
  19 giant frogs
  An elf skeleton (D:5)
  5 scorpions
  9 killer bees
  A wight (Ossuary)
  2 electric eels
  8 howler monkeys
  7 crimson imps
  A giant frog zombie (D:10)
  4 jellies
  2 quasits
  2 centaur skeletons
  3 centaur zombies
  23 orc wizards
  2 human zombies (D:5)
  2 giant frog skeletons
  18 orc priests
  3 hounds
  18 iguanas
  Natasha (D:4)
  9 worker ants
  A killer bee zombie (D:9)
  19 sheep
  2 hound skeletons
  A worker ant zombie (D:5)
  7 gnolls
  11 adders
  59 river rats
  3 shadow imps
  An ooze (D:5)
  An adder skeleton (D:8)
  4 worms
  4 dart slugs
  6 giant geckos
  92 orcs
  4 giant cockroaches
  7 goblins
  18 hobgoblins
  14 jackals
  14 kobolds
  3 quokkas
  2 ball python skeletons (Ossuary)
  13 bats
  2 giant gecko skeletons
  7 giant newts
  A hobgoblin zombie (Ossuary)
  2 kobold zombies (Ossuary)
  5 orc skeletons
  3 orc zombies
  A quokka skeleton (D:4)
  13 rats
  4 fulminant prisms
  2 fungi
  A plant (Lair:1)
925 creatures vanquished.

Vanquished Creatures (collateral kills)
  A redback (Spider:1)
  A tarantella (Lair:6)
  A wraith (Ossuary)
  A giant frog skeleton (D:4)
  A worker ant (D:3)
  An adder (D:2)
  An adder skeleton (D:4)
  A worm (D:2)
8 creatures vanquished.

Vanquished Creatures (others)
  2 redbacks (Spider:2)
  3 slaves (D:8)
  A necrophage (D:10)
  3 orc priests (D:8)
  A gnoll (D:8)
  An adder (D:8)
  4 orcs
  31 fulminant prisms
  25 fungi
  14 plants
85 creatures vanquished.

Grand Total: 1018 creatures vanquished

Notes
Turn   | Place    | Note
--------------------------------------------------------------
     0 | D:1      | vale the Demigod Wizard began the quest for the Orb.
     0 | D:1      | Reached XP level 1. HP: 14/14 MP: 6/6
    12 | D:1      | Reached skill level 1 in Conjurations
   155 | D:1      | Found a shattered altar of Ashenzari.
   460 | D:1      | Reached XP level 2. HP: 20/20 MP: 6/8
   473 | D:1      | Learned a level 2 spell: Blink
   476 | D:1      | Learned a level 2 spell: Call Imp
  1295 | D:1      | Reached XP level 3. HP: 26/26 MP: 7/9
  1516 | D:2      | Found a burning altar of Makhleb.
  1592 | D:2      | Found a radiant altar of Vehumet.
  1654 | D:2      | Found a shadowy altar of Dithmenos.
  1856 | D:2      | Found a snail-covered altar of Cheibriados.
  2840 | D:2      | Reached XP level 4. HP: 33/33 MP: 1/10
  3145 | D:3      | Noticed Sigmund
  3350 | D:3      | Learned a level 3 spell: Mephitic Cloud
  3498 | D:3      | Found a shimmering altar of Xom.
  3600 | D:3      | Killed Sigmund
  3600 | D:3      | Reached skill level 5 in Conjurations
  3600 | D:3      | Reached XP level 5. HP: 38/38 MP: 5/11
  3747 | D:3      | Noticed an orc warrior
  3836 | D:3      | Killed an orc warrior
  3836 | D:3      | Reached XP level 6. HP: 37/45 MP: 5/13
  4526 | D:4      | Reached skill level 1 in Armour
  4546 | D:4      | Learned a level 3 spell: Conjure Flame
  5224 | D:4      | Reached XP level 7. HP: 50/50 MP: 3/16
  5309 | D:4      | Learned a level 2 spell: Repel Missiles
  5845 | D:4      | Noticed Eustachio
  5865 | D:4      | Killed Eustachio
  6062 | D:4      | Reached skill level 5 in Spellcasting
  6354 | D:4      | Noticed Natasha
  6364 | D:4      | Killed Natasha
  6439 | D:4      | Found a bloodstained altar of Trog.
  6539 | D:5      | Entered Level 5 of the Dungeon
  6746 | D:5      | Found a sand-covered staircase.
  6753 | Ossuary  | Entered an ossuary
  6881 | Ossuary  | Noticed a flying skull
  6881 | Ossuary  | Noticed a wraith
  6887 | Ossuary  | Noticed a flying skull
  6989 | Ossuary  | Noticed a flying skull
  6995 | Ossuary  | Noticed a wraith
  7027 | Ossuary  | Killed a wraith
  7027 | Ossuary  | Reached XP level 8. HP: 36/57 MP: 12/20
  7570 | D:5      | Noticed Stratum's ghost (novice SpAr)
  7838 | D:6      | Found an oddly glowing altar of Pakellas.
  7931 | D:6      | Reached skill level 1 in Fighting
  8026 | D:6      | Noticed Blork the orc
  8040 | D:6      | Noticed Blork
  8040 | D:6      | Blork the orc changed into Blork the giant frog
  8046 | D:6      | Killed Blork the giant frog
  8343 | D:6      | Found a stormy altar of Qazlal.
  8817 | D:6      | Reached XP level 9. HP: 58/68 MP: 11/24
  9047 | D:7      | Noticed Sagittarian's ghost (novice DsGl)
  9167 | D:7      | Found Lusu's Magic Scroll Shop.
  9170 | D:7      | Bought a scroll of identify for 32 gold pieces
  9170 | D:7      | Bought a scroll of fog for 32 gold pieces
  9240 | D:7      | Found a white marble altar of Elyvilon.
  9660 | D:5      | Found Polo's Distillery.
  9666 | D:5      | Bought a potion of curing for 42 gold pieces
  9666 | D:5      | Bought a potion of ambrosia for 112 gold pieces
  9822 | D:5      | Reached skill level 5 in Armour
 10326 | D:8      | Noticed Pikel
 10347 | D:7      | Killed Pikel
 11115 | D:8      | Reached skill level 5 in Fighting
 11736 | D:8      | Found an ancient bone altar of Kikubaaqudgha.
 11906 | D:8      | Reached XP level 10. HP: 65/81 MP: 9/26
 11995 | D:8      | Got a transparent leather armour
 12131 | D:8      | Found a sparkling altar of Nemelex Xobeh.
 12229 | D:8      | Identified the +2 leather armour of Paun {rF+} (You found it on level 8 of the Dungeon)
 12337 | D:7      | Found a blossoming altar of Fedhas.
 12732 | D:7      | Found a deep blue altar of Sif Muna.
 12749 | D:7      | Identified Sif Muna's Incunabulum of Good Luck
 12939 | D:7      | Found a staircase to the Ecumenical Temple.
 12946 | Temple   | Entered the Ecumenical Temple
 13582 | D:9      | Found a staircase to the Lair.
 13750 | D:9      | Got a dazzling longbow
 13751 | D:9      | Identified the +7 longbow of Nightmares {venom, Str+5 Stlth+} (You found it on level 9 of the Dungeon)
 14862 | D:9      | Found a staircase to the Orcish Mines.
 14871 | D:9      | Noticed a hill giant
 14895 | D:9      | Killed a hill giant
 15259 | D:9      | Reached skill level 1 in Bows
 15547 | D:9      | Reached skill level 2 in Bows
 15661 | D:10     | Entered Level 10 of the Dungeon
 15874 | D:10     | Reached skill level 3 in Bows
 16047 | D:10     | Noticed a hill giant
 16090 | D:10     | Killed a hill giant
 16090 | D:10     | Reached skill level 4 in Bows
 16144 | D:10     | Noticed a hill giant
 16181 | D:10     | Killed a hill giant
 16259 | D:10     | Reached skill level 5 in Bows
 16401 | D:10     | Found a stormy altar of Qazlal.
 16455 | D:10     | Reached XP level 11. HP: 74/91 MP: 17/27
 16616 | D:10     | Reached skill level 6 in Bows
 17163 | Lair:1   | Entered Level 1 of the Lair of Beasts
 17164 | Lair:1   | Noticed Urug
 17224 | D:9      | Killed Urug
 17701 | Lair:1   | Identified a +4 rod of clouds (13/13) (You found it on level 1 of the Lair of Beasts)
 17782 | Lair:1   | Reached skill level 7 in Bows
 17886 | Lair:1   | Noticed Grum
 17900 | Lair:1   | Killed Grum
 18373 | Lair:1   | Noticed an eight-headed hydra
 18468 | Lair:1   | Reached skill level 8 in Bows
 18707 | Lair:2   | Got an ichor-stained falchion
 18708 | Lair:2   | Identified the +4 falchion of the Original Sin {slice, +Fly Dex+2} (You found it on level 2 of the Lair of Beasts)
 19389 | Lair:2   | Reached skill level 9 in Bows
 20203 | Lair:3   | Reached skill level 10 in Bows
 20383 | Lair:3   | Found a staircase to the Shoals.
 20830 | Lair:4   | You fall through a shaft for 3 floors!
 20953 | Lair:7   | Found a staircase to the Slime Pits.
 20953 | Lair:7   | Found a viscous altar of Jiyva.
 21527 | Lair:7   | Reached skill level 11 in Bows
 21527 | Lair:7   | Reached XP level 12. HP: 81/97 MP: 25/28
 22553 | Lair:8   | Entered Level 8 of the Lair of Beasts
 22553 | Lair:8   | Noticed Jojapa's ghost (journeyman MiBe)
 22895 | Lair:7   | Reached skill level 12 in Bows
 23544 | Lair:7   | Reached skill level 13 in Bows
 24188 | Lair:8   | Noticed Snorg
 24401 | Lair:8   | Killed Snorg
 25435 | Lair:7   | Noticed a six-headed hydra
 25441 | Lair:7   | Killed a six-headed hydra
 25441 | Lair:7   | Reached skill level 14 in Bows
 25490 | Lair:7   | Learned a level 4 spell: Fulminant Prism
 25497 | Lair:7   | Learned a level 6 spell: Darkness
 25599 | Lair:6   | Reached skill level 1 in Hexes
 25648 | Lair:6   | Noticed a six-headed hydra
 25655 | Lair:6   | Killed a six-headed hydra
 25655 | Lair:6   | Reached XP level 13. HP: 100/103 MP: 19/29
 25880 | Lair:6   | Found a hole to the Spider Nest.
 26957 | Lair:4   | Noticed Rupert
 27074 | Lair:4   | Reached skill level 5 in Hexes
 28156 | Lair:5   | Noticed Maud
 28220 | Lair:5   | Killed Maud
 28877 | Lair:5   | Reached skill level 1 in Translocations
 30009 | Lair:5   | Gained mutation: You can translocate small distances at will. [potion of beneficial mutation]
 30415 | Lair:4   | Paralysed by Rupert for 6 turns
 30583 | Orc:1    | Entered Level 1 of the Orcish Mines
 30583 | Orc:1    | Noticed Josephine
 31019 | D:9      | Reached skill level 1 in Polearms
 31238 | D:9      | Killed Josephine
 31359 | Orc:2    | Entered Level 2 of the Orcish Mines
 31627 | Orc:2    | Noticed Donald
 31748 | Orc:2    | Killed Donald
 32250 | Orc:1    | Found a roughly hewn altar of Beogh.
 32262 | Orc:1    | Noticed Harold
 32281 | Orc:1    | Killed Harold
 32817 | Orc:1    | Noticed an orc warlord
 32898 | Orc:1    | Paralysed by an orc sorcerer for 6 turns
 32917 | Orc:1    | Reached XP level 14. HP: 47/116 MP: 7/30
 33869 | Orc:2    | Reached skill level 1 in Air Magic
 34181 | Orc:2    | Found Xukke's Food Shoppe.
 34182 | Orc:2    | Found Ewes's Assorted Antiques.
 34184 | Orc:2    | Found a staircase to the Elven Halls.
 34595 | Orc:2    | Found Tisotso's Armour Boutique.
 34606 | Orc:2    | Found Uxody's Jewellery Emporium.
 34947 | Orc:2    | Noticed an orc warlord
 34989 | Orc:2    | Killed an orc warlord
 35532 | Orc:2    | Killed an orc warlord
 35670 | Orc:2    | Reached skill level 10 in Fighting
 36199 | Orc:2    | Bought an ominously black robe for 188 gold pieces
 36209 | Orc:2    | Identified the +1 robe of the Land of Plenty {rF+ Slay+2 SInv} (You bought it in a shop on level 2 of the Orcish Mines)
 36606 | Spider:1 | Entered Level 1 of the Spider Nest
 36792 | Lair:6   | Reached skill level 5 in Polearms
 39293 | Lair:1   | Learned a level 4 spell: Iskenderun's Mystic Blast
 39615 | Lair:6   | Reached skill level 5 in Dodging
 40377 | Spider:2 | Noticed Azrael
 40896 | Spider:2 | Reached XP level 15. HP: 128/128 MP: 22/31
 42239 | Spider:2 | Noticed Jorgrun
 42252 | Spider:2 | Killed Jorgrun
 42413 | Spider:2 | Noticed Agnes
 42449 | Spider:2 | Killed Agnes
 44510 | Spider:2 | Slain by a ghost moth

Skill      XL: |  1  2  3  4  5  6  7  8  9 10 11 12 13 14 15 |
---------------+----------------------------------------------+-----
Conjurations   | 2 3 5 6 8 9 |  9.2
Spellcasting   | 3 5 7 8 |  8.0
Armour         | 1 3 4 7 9 |  9.1
Fighting       | 2 5 6 8 10 | 10.5
Bows           | 5 11 14 | 14.1
Hexes          | 2 7 |  7.1
Translocations | 3 4 |  4.0
Polearms       | 3 5 |  5.1
Air Magic      | 2 |  2.0
Dodging        | 6 8 |  8.7
Stealth        | |  1.7
Summonings     | |  0.8

Action                   |  1- 3 |  4- 6 |  7- 9 | 10-12 | 13-15 || total
-------------------------+-------+-------+-------+-------+-------++-------
Melee: Dagger            |     1 |    49 |   188 |   594 |   169 ||  1001
       Short sword       |       |       |    54 |       |       ||    54
       Demon trident     |       |       |       |       |   649 ||   649
 Fire: Longbow           |       |       |       |   360 |   566 ||   926
Throw: Javelin           |       |     2 |     2 |     1 |     4 ||     9
 Cast: Magic Dart        |   130 |   107 |   351 |   303 |   339 ||  1230
       Call Imp          |     4 |     6 |    12 |    10 |     2 ||    34
       Mephitic Cloud    |       |     5 |    31 |    53 |   151 ||   240
       Conjure Flame     |       |     1 |    24 |    36 |    42 ||   103
       Blink             |       |       |     3 |    14 |    27 ||    44
       Repel Missiles    |       |       |     2 |     4 |     2 ||     8
       Fulminant Prism   |       |       |       |       |    35 ||    35
       Iskenderun's Myst |       |       |       |       |    12 ||    12
 Abil: Blink             |       |       |       |       |     1 ||     1
Evoke: Wand              |       |     3 |     3 |       |     3 ||     9
  Use: Scroll            |     3 |     1 |    10 |    17 |    18 ||    49
       Potion            |       |       |       |       |    10 ||    10
 Stab: Sleeping          |     1 |     1 |     6 |     1 |       ||     9
       Confused          |       |     2 |    17 |    24 |    38 ||    81
  Eat: Chunk             |     6 |     8 |    15 |    44 |    45 ||   118
       Meat ration       |       |       |     1 |       |       ||     1
       Pizza             |       |       |       |       |     1 ||     1
       Royal jelly       |       |       |       |       |     5 ||     5
       Fruit             |       |       |       |       |     2 ||     2
       Beef jerky        |       |       |       |       |     1 ||     1
Armor: Robe              |     3 |    12 |    53 |       |       ||    68
       Ring mail         |       |       |    52 |   237 |   386 ||   675
       Skin              |       |       |       |       |     2 ||     2
Dodge: Dodged            |    15 |    30 |   133 |   494 |   933 ||  1605
       Deflected         |       |       |     3 |    10 |    14 ||    27
